Map: [ESL] Amphion

Players

Classic

  • Race: Protoss Protoss
  • Spawn Location: 11:00

Clem - Winner!

  • Race: Terran Terran
  • Spawn Location: 7:00

Event: ESL Spring 2024 Finals

VOD

Have the link to the VOD?

Description

Time

  • Played on: May 31, 2024, 12:41 p.m.
  • Length: 12:18

All games in this series

Show
View Real Time Build Order
Export as new Build Order

Classic Protoss 

Build Orders: 1 Gate Expand, Oracle Opening, Colossus Rush 

Get SALT Encoding   

  12  0:00  Probe  
  13  0:12  Probe  
  14  0:17  Pylon  
  14  0:24  Probe  
  15  0:35  Gateway  
  15  0:37  Probe (Chrono Boost)  
  16  0:46  Assimilator, Probe (Chrono Boost)  
  17  0:51  Probe (Chrono Boost)  
  18  1:03  Probe  
  19  1:20  Nexus  
  19  1:30  Cybernetics Core  
  19  1:33  Probe  
  19  1:39  Assimilator  
  20  1:46  Pylon  
  20  1:49  Probe  
  21  2:01  Probe  
  22  2:04  Adept (Chrono Boost)  
  24  2:08  Warp Gate  
  24  2:13  Probe  
  25  2:23  Stargate  
  25  2:26  Adept  
  25  2:28  Probe (Chrono Boost)  
  28  2:32  Probe (Chrono Boost)  
  29  2:40  Probe (Chrono Boost)  
  29  2:43  Probe (Chrono Boost)  
  31  2:46  Probe (Chrono Boost)  
  31  2:48  Probe (Chrono Boost)  
  33  2:55  Probe  
  34  2:58  Probe  
  34  3:00  Stalker  
  34  3:04  Oracle (Chrono Boost)  
  37  3:07  Probe  
  37  3:10  Probe  
  42  3:18  Pylon  
  42  3:20  Probe  
  42  3:23  Probe  
  42  3:24  Pylon  
  44  3:33  Probe  
  43  3:35  Probe  
  42  3:41  Oracle (Chrono Boost)  
  42  3:45  Probe  
  42  3:47  Probe  
  45  3:56  Robotics Facility  
  45  3:57  Probe  
  45  3:59  Probe  
  45  4:01  Stalker  
  50  4:10  Probe  
  50  4:11  Probe  
  50  4:13  Gateway  
  51  4:17  Assimilator  
  51  4:19  Assimilator  
  51  4:22  Pylon, Probe  
  51  4:23  Probe  
  53  4:32  Phoenix  
  55  4:41  Pylon  
  55  4:42  Probe x2  
  55  4:45  Robotics Bay  
  57  4:54  Immortal (Chrono Boost)  
  57  4:56  Probe  
  62  5:05  Nexus  
  62  5:08  Pylon  
  62  5:12  Sentry  
  62  5:13  Probe x2  
  66  5:20  Pylon  
  66  5:25  Probe x2  
  68  5:32  Colossus (Chrono Boost)  
  68  5:37  Extended Thermal Lance  
  68  5:38  Probe x2  
  76  5:44  Shield Battery  
  76  5:57  Gateway, Phoenix  
  76  5:59  Gateway  
  76  6:04  Stalker  
  76  6:06  Zealot  
  63  6:12  Probe  
  63  6:13  Probe  
  60  6:23  Colossus (Chrono Boost)  
  60  6:29  Probe  
  60  6:30  Probe  
  60  6:32  Probe  
  69  6:42  Probe x2 (Chrono Boost)  
  68  6:47  Phoenix  
  68  6:49  Probe (Chrono Boost)  
  73  6:54  Probe x2 (Chrono Boost)  
  73  6:59  Probe (Chrono Boost)  
  73  7:01  Probe x2 (Chrono Boost)  
  76  7:03  Stalker  
  76  7:06  Stalker  
  76  7:07  Probe  
  80  7:08  Probe  
  80  7:14  Stalker  
  84  7:26  Pylon, Probe x2 (Chrono Boost)  
  84  7:28  Pylon  
  87  7:30  Probe (Chrono Boost)  
  87  7:31  Phoenix  
  87  7:32  Observer  
  92  7:37  Probe x2 (Chrono Boost)  
  92  7:38  Pylon  
  92  7:41  Probe (Chrono Boost)  
  92  7:43  Probe x2 (Chrono Boost)  
  93  7:46  Zealot x2, Sentry  
  93  7:50  Probe  
  102  7:54  Twilight Council, Probe  
  103  8:03  Probe  
  103  8:04  Forge, Probe  
  105  8:06  Probe  
  105  8:08  Shield Battery  
  106  8:15  Zealot x4  
  106  8:17  Pylon  
  114  8:20  Probe x2  
  114  8:21  Probe  
  114  8:24  Assimilator  
  114  8:26  Assimilator  
  117  8:30  Charge, Pylon  
  117  8:32  Pylon x2  
  117  8:35  Observer (Chrono Boost)  
  117  8:39  Protoss Ground Weapons Level 1 (Chrono Boost)  
  118  8:46  Zealot x3  
  124  8:50  Templar Archives  
  124  8:51  Probe  
  124  8:52  Probe x2  
  127  8:58  Pylon  
  127  9:00  Colossus (Chrono Boost)  
  127  9:02  Shield Battery  
  133  9:10  Stalker x2  
  133  9:12  Zealot  
  133  9:16  Zealot  
  140  9:19  Pylon  
  140  9:26  Gateway  
  140  9:27  Gateway  
  140  9:28  Gateway  
  137  9:33  Psionic Storm  
  137  9:35  High Templar  
  137  9:36  Zealot x2, High Templar  
  145  9:40  Archon  
  145  9:45  Gateway, Immortal (Chrono Boost)  
  145  9:47  Pylon  
  145  9:51  Pylon  
  148  10:04  High Templar  
  150  10:11  Zealot x3  
  156  10:19  Observer  
  156  10:23  Warp Prism  
  156  10:24  High Templar  
  160  10:29  High Templar, Pylon  
  160  10:33  High Templar  
  164  10:50  Nexus  
  164  10:52  Pylon  
  164  11:07  Stalker x4  
  164  11:08  Stalker x3  
  164  11:11  Warp Prism (Chrono Boost)  
  178  11:12  Shield Battery  
  178  11:13  Shield Battery  
  154  11:33  Zealot x8  
  168  11:46  Archon  
  80  11:54  Zealot x4  
  80  11:55  Zealot x4  
Show
View Real Time Build Order
Export as new Build Order

Clem Terran - Winner!

Build Orders: Gas First Reaper Expand 

Get SALT Encoding   

  12  0:00  SCV  
  13  0:12  SCV  
  14  0:17  Supply Depot  
  14  0:24  SCV  
  15  0:29  Refinery  
  15  0:39  SCV  
  16  0:45  Barracks  
  16  0:51  SCV  
  17  1:03  SCV  
  18  1:15  SCV  
  19  1:32  Orbital Command, Reaper  
  20  1:44  Command Center  
  20  1:56  Factory  
  20  2:00  SCV  
  21  2:07  Barracks Reactor  
  21  2:11  Supply Depot  
  21  2:13  SCV  
  22  2:25  SCV  
  22  2:27  Barracks  
  23  2:37  SCV  
  23  2:42  Refinery  
  24  2:46  Hellion  
  24  2:47  Hellion  
  24  2:49  SCV  
  29  2:52  Barracks Tech Lab  
  29  3:00  Orbital Command  
  29  3:01  SCV  
  30  3:07  Hellion  
  30  3:12  Hellion  
  34  3:17  SCV, Marine  
  35  3:26  SCV  
  36  3:29  SCV  
  37  3:38  SCV  
  37  3:39  Marine  
  36  3:41  SCV  
  36  3:45  Supply Depot, Marine  
  36  3:46  Marine  
  36  3:47  Stimpack  
  37  3:51  Cyclone  
  37  3:53  SCV  
  40  3:56  SCV  
  41  4:05  SCV, Starport  
  41  4:07  Marine  
  41  4:08  Marine  
  42  4:11  SCV  
  42  4:13  Marine  
  44  4:17  Supply Depot  
  44  4:19  SCV  
  44  4:23  SCV  
  46  4:25  Factory Reactor  
  46  4:27  Marine x2  
  46  4:31  SCV, Marine  
  49  4:35  SCV  
  50  4:43  SCV  
  50  4:44  Marine, Barracks  
  52  4:46  Supply Depot  
  52  4:47  SCV  
  53  4:56  SCV, Marine  
  53  4:57  Supply Depot, Marine  
  53  4:59  SCV  
  57  5:06  Medivac x2  
  61  5:08  SCV  
  61  5:09  Marine, Engineering Bay  
  61  5:11  SCV  
  61  5:12  Factory Reactor  
  64  5:14  Marine  
  64  5:18  Supply Depot, Marine  
  64  5:20  SCV  
  67  5:21  Refinery  
  67  5:24  SCV  
  67  5:27  Combat Shield, Marine  
  69  5:32  SCV  
  69  5:34  Marine  
  66  5:36  Barracks Tech Lab, SCV, Marine  
  68  5:44  SCV, Terran Infantry Weapons Level 1  
  68  5:45  Marine  
  68  5:46  Refinery  
  68  5:47  Medivac  
  68  5:49  Medivac  
  74  5:51  Marine  
  74  5:54  SCV, Marine x2  
  76  6:03  Marine  
  77  6:08  Widow Mine x2  
  78  6:12  Marine, Marauder x2  
  78  6:13  SCV x2  
  78  6:16  Supply Depot  
  84  6:22  Marine  
  82  6:29  Widow Mine  
  82  6:30  Command Center  
  83  6:33  Marine, Marauder  
  83  6:38  Supply Depot  
  83  6:39  Marauder  
  88  6:40  Marine  
  88  6:45  Widow Mine  
  91  6:48  Supply Depot  
  91  6:49  SCV  
  91  6:51  Concussive Shells  
  92  6:57  Marauder  
  92  6:58  Marine  
  92  7:00  SCV  
  96  7:01  Barracks  
  96  7:05  Barracks  
  96  7:09  Supply Depot  
  96  7:11  SCV  
  97  7:18  Marine x2, Widow Mine x2  
  97  7:21  Marauder  
  97  7:24  Marauder  
  97  7:26  SCV  
  97  7:27  SCV  
  101  7:31  Viking  
  101  7:36  Viking  
  105  7:40  SCV  
  105  7:41  Supply Depot  
  107  7:45  Marauder  
  107  7:46  SCV  
  107  7:49  Orbital Command  
  109  7:51  Barracks Tech Lab, Barracks Reactor  
  109  7:53  SCV  
  109  7:55  Terran Infantry Armor Level 1  
  109  7:57  Marine x2  
  113  7:58  SCV  
  113  8:05  SCV  
  114  8:06  Ghost Academy  
  114  8:07  Viking  
  114  8:10  Viking  
  114  8:11  SCV  
  119  8:15  SCV  
  119  8:17  SCV  
  125  8:20  Marauder x2  
  125  8:22  Marine x2  
  125  8:23  SCV  
  126  8:27  Supply Depot, SCV  
  126  8:28  Marine x2  
  126  8:29  SCV  
  126  8:32  Refinery  
  130  8:34  Widow Mine x2  
  130  8:35  Marauder  
  130  8:40  Ghost  
  138  8:42  Supply Depot, Ghost  
  138  8:44  SCV  
  138  8:46  Refinery  
  141  8:49  Viking  
  141  8:50  Viking  
  141  8:52  Marine  
  141  8:53  Marine  
  141  8:54  Marine x2  
  149  8:56  SCV x2  
  149  8:58  SCV  
  149  9:00  Ghost  
  154  9:05  Supply Depot  
  154  9:08  SCV  
  154  9:09  SCV, Ghost  
  158  9:10  SCV  
  158  9:14  Marine  
  158  9:15  Marine x3  
  159  9:24  Armory  
  159  9:25  Engineering Bay  
  159  9:27  Ghost  
  159  9:28  Ghost  
  163  9:31  Viking  
  163  9:35  Viking  
  167  9:43  Supply Depot  
  167  9:45  Command Center  
  167  9:49  Ghost  
  167  9:51  Supply Depot  
  167  9:54  Marine  
  167  9:55  Marine, Ghost  
  167  9:56  Marine  
  167  9:57  Marine  
  173  10:02  Supply Depot  
  173  10:13  Missile Turret, Viking x2  
  175  10:17  Supply Depot  
  175  10:19  Ghost  
  172  10:23  Marine x2  
  172  10:24  Marine x2  
  176  10:28  Barracks  
  176  10:38  Barracks x2  
  176  10:40  Ghost  
  176  10:41  Starport  
  178  10:43  Ghost  
  180  10:50  Marine x2  
  180  10:51  Marine  
  180  10:54  Medivac  
  180  10:55  Viking  
  180  10:56  Marauder  
  185  11:01  Sensor Tower  
  185  11:02  SCV  
  185  11:03  SCV  
  185  11:10  Marauder  
  187  11:13  Marauder  
  187  11:17  Barracks Tech Lab  
  187  11:18  Marauder  
  191  11:19  Command Center  
  191  11:22  Medivac  
  190  11:31  Marauder  
  180  11:34  Marauder  
  180  11:35  Medivac  
  180  11:39  Marauder x2  
  188  11:45  Medivac  
  188  11:46  Marine  
  174  11:48  Marine  
  174  11:49  Marine  
  164  11:56  Marauder  
  164  12:00  Marine x2  
  164  12:01  Barracks Tech Lab  
  172  12:02  SCV x2  
  172  12:04  SCV  
  172  12:07  Refinery  
  172  12:08  Refinery  
Tags
 
Add a new tag
Caveats
  • Supply blocks, unpowered buildings, or Contaminate may cause inaccurate times.
  • Supply counts are checked every 10 seconds.